 Dungeon Sprint DCSS version 0.15.2 (webtiles) character file.

1910 dck the Frost Mage (level 8, 0/46 HPs)
             Began as a Felid Transmuter on Nov 4, 2014.
             Was the Champion of Sif Muna.
             Slain by a blink frog (12 damage)
             ... in the Dungeon (Sprint VII: "The Pits").
             The game lasted 00:19:38 (2204 turns).

dck the Frost Mage (Felid Transmuter)               Turns: 2204, Time: 00:19:38

HP   0/46        AC  7     Str  9      XL: 8   Next: 94%
MP  21/24        EV 17     Int 16      God: Sif Muna [******]
Gold 0           SH  7     Dex 20      Spells:  6 memorised,  0 levels left
Lives: 0, deaths: 2

rFire  x . .     SeeInvis +       - Unarmed
rCold  + + +     Clarity  .     (armour unavailable)
rNeg   . . .     rCorr    .     (shield unavailable)
rPois  +         rRot     .     (helmet unavailable)
rElec  .         Spirit   .     (cloak unavailable)
SustAb .         Warding  .     (gloves unavailable)
rMut   .         NoTele   +     (boots unavailable)
Gourm  .                        (no amulet)
MR     +....                    p - +3 ring of dexterity
                                q - +3 ring of strength

@: ice-form, icy shield, somewhat resistant to hostile enchantments, stealthy
A: paw claws, no armour, no weapons or thrown items, (fangs 0), see invisible,
carnivore 3, (speed 0), (shaggy fur 0), slow metabolism 1, jump 2
a: Jump Attack, End Transformation, Channel Energy, Forget Spell, Renounce
Religion


You were in the Dungeon.
You worshipped Sif Muna.
Sif Muna was exalted by your worship.
You were not hungry.
You were a creature of crystalline ice.
You visited 1 branch


Innate Abilities, Weirdness & Mutations

You cannot wear armour.
You are incapable of wielding weapons or throwing items.
((Your paws have sharp claws.))
((You have razor-sharp teeth.))
You have supernaturally acute eyesight.
You are carnivorous and can eat meat at any time.
((You cover ground quickly.))
((You are covered in thick fur (AC +2).))
You have a slow metabolism.
You can jump attack at a medium distance.


   Skills:
 - Level 6.6 Fighting
 - Level 9.1 Dodging
 - Level 8.8 Stealth
 - Level 9.4 Unarmed Combat
 - Level 6.0 Spellcasting
 - Level 10.2 Transmutations
 + Level 10.8 Ice Magic
 - Level 5.5 Poison Magic


You couldn't memorise any spells.
You knew the following spells:

 Your Spells              Type           Power        Failure   Level  Hunger
a - Beastly Appendage     Trmt           #####.       1%          1    None
b - Sticks to Snakes      Trmt           #####.....   1%          2    None
c - Spider Form           Trmt/Pois      ####......   1%          3    ###....
d - Condensation Shield   Ice            #####.....   1%          4    ####...
e - Blade Hands           Trmt           #####.....   8%          5    #####..
x - Ice Form              Ice/Trmt       #####...     1%          4    ####...

Inventory:

Missiles
 b - 32 arrows
Comestibles
 a - 7 meat rations
Scrolls
 c - 2 scrolls of vulnerability
 j - a scroll of blinking
 k - 3 scrolls of remove curse
 l - 5 scrolls of amnesia
 m - a scroll of summoning
Jewellery
 p - a +3 ring of dexterity (right paw)
 q - a +3 ring of strength (left paw)
Potions
 e - 7 potions of curing
 f - 11 potions of heal wounds
 g - a potion of haste
 h - 4 potions of magic
 i - 3 potions of berserk rage
 n - 2 potions of invisibility
 o - 2 potions of agility
Books
 d - Fraz's Grimoire of the Lethal Glacier
   (Sif Muna gifted it to you in the Dungeon)

   Spells                             Type                      Level
   *Ice Form                          Ice/Transmutation            4
   *Condensation Shield               Ice                          4
   Freezing Cloud                     Conjuration/Ice/Air          6
   Bolt of Cold                       Conjuration/Ice              6

Dungeon Overview and Level Annotations

Branches:
Dungeon (1/1)

Altars:
Ashenzari
Cheibriados
Dithmenos
Elyvilon
Fedhas
Kikubaaqudgha
Makhleb
Nemelex Xobeh
Okawaru
Sif Muna
Trog
Vehumet
Xom
Yredelemnul
Zin
The Shining One
Beogh
Jiyva
Lugonu

..##.......##''#####
..##.......##......#
..##.......##......#
'###...<...###....## ##
..##.......# ##''## ##..+
..##.......###....###....#
####.......##.)...:#....#
..###########%..F.%%....+
.############...Y..#....#
)#....#..[[###:.F.###....#
'#....#..[[# ##''## ##..+
.)..%.'..))###....## ##
'#....#..))##......#
.#....#..))##......#
####################


You could see 2 blink frogs.


Message History

The blink frog is moderately wounded.
The blink frog misses you. The blink frog hits you!!
* * * LOW HITPOINT WARNING * * *
Drink which item? (? for menu, Esc to quit)
You feel much better. The blink frog hits you.
The blink frog barely misses you.
You pummel the blink frog!!
The blink frog seems to slow down.
You freeze the blink frog.
You kill the blink frog!
The blink frog hits you! The blink frog misses you.
You closely miss the blink frog. The blink frog closely misses you.
You punch the blink frog!
The blink frog seems to slow down.
You freeze the blink frog.
The blink frog is moderately wounded.
The blink frog is moderately wounded.
The blink frog hits you!
* * * LOW HITPOINT WARNING * * *
The blink frog blinks! x2
A crackling disc of dense vapour forms in the air!
The blink frog blinks! x2
You swing at nothing.
The blink frog seems less confused.
You punch the blink frog!
The blink frog seems to slow down.
You freeze the blink frog.
You kill the blink frog!
The blink frog is no longer moving slowly.
You swing at nothing.
The blink frog is moderately wounded.
You block the blink frog's attack. The blink frog hits you!
You die...

Action                   |  1- 3 |  4- 6 |  7- 9 || total
-------------------------+-------+-------+-------++-------
Melee: Unarmed           |    23 |    54 |    90 ||   167
 Cast: Beastly Appendage |     7 |       |       ||     7
       Sticks to Snakes  |     2 |       |       ||     2
       Spider Form       |       |     5 |     3 ||     8
       Ice Form          |       |     2 |     8 ||    10
       Blade Hands       |       |       |     2 ||     2
       Condensation Shie |       |       |     1 ||     1
 Abil: End Transformatio |       |     1 |       ||     1
  Use: Potion            |     1 |     1 |     3 ||     5
 Stab: Sleeping          |       |       |     1 ||     1
  Eat: Chunk             |     5 |       |     5 ||    10
       Meat ration       |       |     1 |       ||     1

Vault maps used:
D:        pitsprint

Notes
Turn   | Place    | Note
--------------------------------------------------------------
     0 | D        | dck, the Felid Transmuter, began the quest for the Orb.
     0 | D        | Reached XP level 1. HP: 9/9 MP: 4/4
    20 | D        | Found a basalt altar of Yredelemnul.
    20 | D        | Found a shadowy altar of Dithmenos.
    20 | D        | Found a deep blue altar of Sif Muna.
    20 | D        | Found a burning altar of Makhleb.
    20 | D        | Found a shimmering altar of Xom.
    20 | D        | Found an ancient bone altar of Kikubaaqudgha.
    20 | D        | Found a sparkling altar of Nemelex Xobeh.
    21 | D        | Found a glowing golden altar of the Shining One.
    21 | D        | Found a bloodstained altar of Trog.
    21 | D        | Found a shattered altar of Ashenzari.
    21 | D        | Found a white marble altar of Elyvilon.
    21 | D        | Found a snail-covered altar of Cheibriados.
    21 | D        | Found a blossoming altar of Fedhas.
    21 | D        | Found a radiant altar of Vehumet.
    21 | D        | Found a glowing silver altar of Zin.
    21 | D        | Found a corrupted altar of Lugonu.
    21 | D        | Found a viscous altar of Jiyva.
    21 | D        | Found a roughly hewn altar of Beogh.
    21 | D        | Found an iron altar of Okawaru.
    24 | D        | Became a worshipper of Sif Muna the Loreminder
    68 | D        | Reached skill level 4 in Unarmed Combat
   111 | D        | Reached skill level 4 in Transmutations
   111 | D        | Reached XP level 2. HP: 12/12 MP: 2/5
   116 | D        | Reached skill level 5 in Transmutations
   166 | D        | Learned a level 2 spell: Sticks to Snakes
   176 | D        | Acquired Sif Muna's first power
   180 | D        | Noticed a necrophage
   221 | D        | Killed a necrophage
   221 | D        | Acquired Sif Muna's second power
   221 | D        | Reached skill level 6 in Spellcasting
   221 | D        | Reached XP level 3. HP: 10/15 MP: 1/14
   221 | D        | Reached XP level 4. HP: 12/19 MP: 1/18
   341 | D        | Learned a level 3 spell: Spider Form
   386 | D        | Noticed a black bear
   387 | D        | Noticed an ogre
   401 | D        | Noticed a sky beast
   403 | D        | Killed an ogre
   403 | D        | Reached skill level 9 in Dodging
   403 | D        | Reached XP level 5. HP: 22/22 MP: 12/19
   507 | D        | Killed a black bear
   507 | D        | Reached skill level 5 in Poison Magic
   522 | D        | Killed a sky beast
   522 | D        | Reached skill level 7 in Unarmed Combat
   522 | D        | Gained mutation: You are covered in thick fur (AC +2). [growing up]
   522 | D        | Gained mutation: You can jump attack at a medium distance. [growing up]
   522 | D        | Reached XP level 6. HP: 21/25 MP: 18/21
   526 | D        | Noticed a hungry ghost
   527 | D        | Noticed a flying skull
   542 | D        | Killed a hungry ghost
   542 | D        | Reached skill level 9 in Unarmed Combat
   656 | D        | Learned a level 4 spell: Ice Form
   662 | D        | Learned a level 5 spell: Blade Hands
   765 | D        | Killed a flying skull
   765 | D        | Reached skill level 5 in Fighting
   765 | D        | Reached XP level 7. HP: 12/34 MP: 15/23
   994 | D        | Noticed a gnoll shaman
   997 | D        | Reached skill level 6 in Fighting
  1001 | D        | Killed a gnoll shaman
  1007 | D        | Mangled by a gnoll
  1008 | D        | Reached XP level 6. HP: -9/37 MP: 21/21
  1008 | D        | Noticed an iguana
  1008 | D        | Noticed an orange rat
  1008 | D        | Noticed a worker ant
  1013 | D        | Killed an orange rat
  1013 | D        | Reached skill level 1 in Ice Magic
  1017 | D        | Killed a worker ant
  1017 | D        | Reached skill level 2 in Ice Magic
  1018 | D        | Killed an iguana
  1018 | D        | Reached skill level 3 in Ice Magic
  1021 | D        | Noticed an efreet
  1027 | D        | Killed an efreet
  1027 | D        | Acquired Sif Muna's third power
  1027 | D        | Reached skill level 6 in Ice Magic
  1027 | D        | Reached XP level 7. HP: 10/35 MP: 17/23
  1272 | D        | Noticed a flying skull
  1272 | D        | Noticed a phantom
  1272 | D        | Noticed an orc wizard
  1275 | D        | Killed an orc wizard
  1275 | D        | Reached skill level 1 in Stealth
  1288 | D        | Killed a flying skull
  1288 | D        | Reached skill level 6 in Stealth
  1292 | D        | Killed a phantom
  1292 | D        | Reached skill level 8 in Stealth
  1495 | D        | Noticed an orc priest
  1497 | D        | Killed an orc priest
  1497 | D        | Reached XP level 8. HP: 39/39 MP: 15/24
  1653 | D        | Noticed a sky beast
  1653 | D        | Noticed a red devil
  1654 | D        | Noticed a centaur
  1659 | D        | Killed a sky beast
  1659 | D        | Reached skill level 6 in Transmutations
  1664 | D        | Killed a centaur
  1664 | D        | Reached skill level 7 in Transmutations
  1749 | D        | Killed a red devil
  1749 | D        | Reached skill level 8 in Transmutations
  1997 | D        | Noticed a boring beetle
  1997 | D        | Noticed a phantasmal warrior
  2010 | D        | Killed a boring beetle
  2010 | D        | Reached skill level 9 in Transmutations
  2015 | D        | Noticed a redback
  2020 | D        | Killed a redback
  2020 | D        | Received a gift from Sif Muna
  2020 | D        | Reached skill level 10 in Transmutations
  2021 | D        | Identified Fraz's Grimoire of the Lethal Glacier (Sif Muna gifted it to you in the Dungeon)
  2027 | D        | Learned a level 4 spell: Condensation Shield
  2043 | D        | Slain by a phantasmal warrior
  2044 | D        | Reached XP level 7. HP: 0/42 MP: 15/23
  2055 | D        | Killed a phantasmal warrior
  2055 | D        | Reached skill level 8 in Ice Magic
  2055 | D        | Reached XP level 8. HP: 24/39 MP: 16/24
  2171 | D        | Noticed a swamp drake
  2171 | D        | Noticed a blink frog
  2173 | D        | Noticed a blink frog
  2173 | D        | Noticed a blink frog
  2173 | D        | Noticed a blink frog
  2173 | D        | Noticed a blink frog
  2173 | D        | Noticed a shadow
  2183 | D        | Killed a swamp drake
  2183 | D        | Reached skill level 9 in Ice Magic
  2187 | D        | Killed a shadow
  2187 | D        | HP: 1/46 [blink frog (12)]
  2191 | D        | Killed a blink frog
  2191 | D        | Received a gift from Sif Muna
  2191 | D        | Reached skill level 10 in Ice Magic
  2192 | D        | HP: 3/46 [blink frog (18)]
  2194 | D        | Killed a blink frog
  2202 | D        | Killed a blink frog
  2204 | D        | Slain by a blink frog

Vanquished Creatures
  A phantasmal warrior (D)
  An efreet (D)
  A red devil (D)
  3 blink frogs (D)
  A shadow (D)
  2 flying skulls (D)
  A redback (D)
  A hungry ghost (D)
  A phantom (D)
  2 sky beasts (D)
  A black bear (D)
  A necrophage (D)
  A swamp drake (D)
  An ogre (D)
  A boring beetle (D)
  A centaur (D)
  A gnoll shaman (D)
  An orc priest (D)
  An orange rat (D)
  An iguana (D)
  A worker ant (D)
  An orc wizard (D)
  6 gnolls (D)
  An ufetubus (D)
  A giant eyeball (D)
  A giant gecko (D)
  A giant cockroach (D)
  2 hobgoblins (D)
  A ball python (D)
  A giant cockroach zombie (D)
  A rat (D)
41 creatures vanquished.
